Map: Pillars of Gold LE

Players

MaxPax

  • Race: Protoss Protoss
  • League: Master
  • Spawn Location: 1:00

Lambo - Winner!

  • Race: Zerg Zerg
  • Spawn Location: 7:00

Event: DreamHack SC2 Masters 2020 Fall

VOD

Have the link to the VOD?

Description

Time

  • Played on: Aug. 29, 2020, 1:16 p.m.
  • Length: 22:13

All games in this series

Show
View Real Time Build Order
Export as new Build Order

MaxPax Protoss 

Build Orders: Oracle Opening 

Get SALT Encoding   

  12  0:00  Probe  
  13  0:16  Pylon  
  13  0:17  Probe (Chrono Boost)  
  15  0:29  Probe (Chrono Boost)  
  15  0:34  Probe (Chrono Boost)  
  16  0:41  Gateway  
  16  0:44  Probe  
  17  0:51  Assimilator  
  17  0:56  Probe  
  18  1:08  Probe  
  19  1:21  Probe  
  20  1:30  Zealot, Cybernetics Core  
  22  1:45  Nexus  
  22  1:54  Pylon  
  22  1:56  Probe  
  23  2:02  Assimilator  
  23  2:11  Adept (Chrono Boost)  
  23  2:12  Probe  
  26  2:19  Warp Gate  
  26  2:26  Probe  
  27  2:31  Adept (Chrono Boost)  
  29  2:38  Probe  
  30  2:49  Stargate  
  30  2:50  Probe  
  28  2:54  Adept  
  30  2:59  Probe  
  30  3:02  Probe  
  32  3:11  Probe (Chrono Boost)  
  33  3:19  Probe (Chrono Boost)  
  34  3:23  Probe (Chrono Boost)  
  36  3:28  Probe x2 (Chrono Boost)  
  36  3:30  Oracle (Chrono Boost)  
  40  3:34  Gateway  
  40  3:38  Probe x2  
  42  3:45  Adept  
  42  3:53  Probe x2  
  42  3:57  Oracle (Chrono Boost)  
  45  4:05  Probe  
  45  4:08  Pylon  
  46  4:10  Pylon  
  46  4:13  Probe  
  46  4:14  Pylon  
  46  4:25  Assimilator  
  46  4:28  Probe x2  
  46  4:29  Assimilator  
  48  4:36  Zealot x2  
  52  4:38  Phoenix (Chrono Boost)  
  52  4:40  Probe  
  52  4:43  Probe  
  56  4:51  Pylon  
  57  4:54  Stargate  
  57  5:00  Zealot x2  
  57  5:01  Phoenix (Chrono Boost)  
  62  5:08  Pylon  
  62  5:12  Probe  
  62  5:13  Probe  
  63  5:24  Probe  
  63  5:25  Phoenix (Chrono Boost), Probe  
  66  5:32  Stalker  
  68  5:36  Probe  
  68  5:37  Probe  
  68  5:39  Nexus  
  68  5:42  Phoenix  
  72  5:48  Probe  
  72  5:49  Phoenix  
  75  5:51  Probe  
  76  6:00  Probe  
  76  6:03  Probe  
  78  6:10  Pylon  
  78  6:11  Protoss Air Weapons Level 1  
  78  6:28  Phoenix (Chrono Boost), Probe x2  
  78  6:29  Twilight Council  
  78  6:30  Phoenix (Chrono Boost), Zealot  
  86  6:33  Gateway, Pylon  
  86  6:47  Pylon  
  86  6:51  Probe x3  
  91  6:58  Phoenix (Chrono Boost)  
  91  7:00  Zealot x2  
  95  7:03  Probe x2  
  95  7:04  Gateway  
  95  7:05  Charge (Chrono Boost)  
  95  7:06  Probe  
  98  7:15  Probe  
  101  7:23  Assimilator x2  
  101  7:26  Templar Archives  
  101  7:27  Forge, Zealot x2  
  103  7:32  Probe  
  103  7:34  Zealot  
  103  7:35  Probe  
  107  7:43  Probe  
  106  7:48  Shield Battery, Protoss Ground Weapons Level 1 (Chrono Boost)  
  106  7:51  Pylon  
  108  7:53  Gateway  
  108  7:57  Zealot x2, Gateway  
  112  7:59  Zealot  
  112  8:00  Zealot  
  114  8:11  Photon Cannon  
  114  8:12  Probe x3  
  117  8:19  Robotics Facility, High Templar x2  
  121  8:20  High Templar x2  
  121  8:22  Pylon  
  121  8:24  Archon x2  
  125  8:35  Pylon  
  125  8:44  Pylon  
  125  8:48  Pylon  
  125  8:51  High Templar  
  125  8:52  High Templar x3  
  125  8:54  Zealot  
  135  8:57  Archon  
  135  8:58  Robotics Facility  
  135  9:05  Archon  
  135  9:11  Probe x3  
  137  9:23  Probe x2  
  123  9:30  High Templar x3  
  123  9:31  Zealot, High Templar  
  131  9:35  Archon x2  
  131  9:36  Nexus  
  131  9:37  Gateway  
  131  9:38  Gateway, Pylon  
  131  9:39  Robotics Bay, Gateway  
  131  9:57  Protoss Ground Weapons Level 2 (Chrono Boost)  
  131  9:58  Probe  
  132  10:00  Sentry, Probe  
  135  10:10  Zealot x5  
  135  10:12  Photon Cannon  
  145  10:16  Photon Cannon  
  145  10:18  Extended Thermal Lance, Shield Battery  
  145  10:23  Colossus (Chrono Boost)  
  157  10:30  Zealot x4  
  157  10:33  Colossus (Chrono Boost)  
  157  10:34  Pylon x2  
  165  10:43  Assimilator  
  165  10:47  Assimilator  
  165  10:48  Probe x3  
  165  10:49  Probe, Pylon  
  169  11:00  Probe  
  169  11:02  Colossus (Chrono Boost)  
  176  11:07  Probe  
  183  11:11  High Templar x2  
  183  11:12  Zealot x5  
  183  11:13  Colossus (Chrono Boost)  
  197  11:18  Archon  
  182  11:39  Zealot x7, Photon Cannon  
  196  11:46  Psionic Storm  
  196  11:51  Observer  
  197  12:08  Probe  
  198  12:21  Observer  
  165  12:40  Probe  
  165  12:42  Probe  
  165  12:43  Protoss Ground Weapons Level 3 (Chrono Boost)  
  165  12:44  Zealot x9  
  171  12:47  Disruptor (Chrono Boost)  
  171  12:49  Disruptor (Chrono Boost)  
  187  12:56  Probe  
  185  13:01  Probe  
  185  13:04  Nexus, Probe  
  187  13:06  Pylon  
  187  13:11  Disruptor x2  
  190  13:16  Probe  
  189  13:27  High Templar x4  
  189  13:28  High Templar  
  195  13:46  Disruptor  
  195  13:48  Oracle  
  197  13:49  Disruptor  
  192  13:59  Zealot x6  
  192  14:00  Zealot x3  
  142  14:22  Disruptor  
  143  14:31  Zealot x9  
  161  14:37  Gateway  
  161  14:39  Gateway  
  161  14:40  Photon Cannon  
  161  14:41  Stargate  
  161  14:42  Stargate, Photon Cannon  
  161  14:43  Nexus, Gateway  
  161  14:44  Pylon  
  161  14:45  Fleet Beacon  
  161  14:46  Disruptor, Pylon  
  161  14:48  Nexus  
  161  14:50  Pylon  
  161  14:52  High Templar x2  
  166  14:53  High Templar x4  
  166  14:54  Zealot x2, High Templar  
  166  14:57  Archon x3  
  166  14:58  Disruptor  
  185  15:22  Photon Cannon  
  185  15:23  Photon Cannon  
  185  15:25  Photon Cannon  
  185  15:27  Photon Cannon  
  181  15:28  Photon Cannon  
  181  15:30  Pylon  
  179  15:42  Tempest x2 (Chrono Boost)  
  198  15:43  Tempest x2 (Chrono Boost)  
  191  15:54  Observer  
  173  16:07  Zealot x4  
  173  16:08  Zealot  
  181  16:13  Photon Cannon  
  181  16:14  Zealot  
  181  16:15  Photon Cannon  
  181  16:17  Photon Cannon  
  183  16:18  Assimilator  
  183  16:23  Pylon  
  193  16:30  Tempest (Chrono Boost)  
  193  16:32  Zealot x3  
  194  16:33  Zealot x3  
  194  16:36  Observer  
  194  16:37  Zealot, Protoss Air Weapons Level 2 (Chrono Boost)  
  194  16:46  Tempest  
  195  16:47  High Templar x2  
  195  16:52  Archon  
  199  16:55  Pylon  
  199  16:57  Observer  
  199  17:00  Pylon  
  200  17:09  Nexus  
  200  17:10  Pylon  
  188  17:28  Tempest  
  183  17:31  Tempest  
  183  17:33  Tempest  
  183  17:35  Tempest  
  198  17:41  Observer  
  199  17:56  Assimilator  
  199  18:04  Assimilator  
  197  18:06  Zealot x2  
  176  18:14  Tempest  
  176  18:15  Tempest  
  177  18:23  Zealot x5  
  187  18:33  Tempest (Chrono Boost)  
  180  18:54  High Templar x4  
  180  18:55  High Templar x2  
  190  18:57  High Templar x2  
  190  18:59  Archon x3  
  194  19:13  Nexus  
  194  19:21  Zealot  
  149  19:41  Zealot x4  
  106  20:40  Sentry x2  
  106  20:42  Zealot x2  
  39  21:59  Zealot x2  
Show
View Real Time Build Order
Export as new Build Order

Lambo Zerg - Winner!

Build Orders: Hatch First, Lurkers 

Get SALT Encoding   

  12  0:00  Drone  
  13  0:12  Overlord  
  13  0:17  Drone  
  14  0:31  Drone x2  
  16  0:52  Hatchery  
  16  0:55  Drone  
  16  0:57  Drone  
  16  1:01  Drone  
  18  1:12  Extractor  
  18  1:18  Spawning Pool  
  16  1:20  Drone  
  16  1:25  Drone  
  18  1:29  Drone  
  19  1:41  Drone  
  20  1:50  Overlord  
  20  2:05  Queen x2  
  24  2:09  Zergling x2  
  24  2:10  Zergling x2  
  26  2:16  Metabolic Boost  
  26  2:17  Zergling x2  
  26  2:20  Zergling x2  
  26  2:40  Hatchery  
  24  2:44  Drone  
  24  2:49  Zergling x2  
  24  2:50  Zergling x2  
  26  2:53  Drone  
  26  2:56  Drone  
  28  3:03  Drone  
  28  3:05  Drone  
  30  3:08  Drone x2  
  32  3:17  Overlord  
  32  3:19  Drone  
  33  3:23  Zergling x4  
  33  3:24  Spore Crawler  
  33  3:25  Drone  
  34  3:31  Zergling x2  
  35  3:34  Overlord  
  35  3:40  Zergling x2  
  36  3:43  Drone  
  36  3:45  Spore Crawler  
  36  3:47  Drone  
  37  3:51  Spore Crawler  
  37  3:53  Drone  
  37  3:56  Drone  
  37  3:59  Drone  
  37  4:01  Drone  
  40  4:03  Drone  
  40  4:05  Drone  
  40  4:09  Drone x2  
  44  4:13  Drone x2  
  44  4:16  Drone  
  47  4:19  Drone x2  
  47  4:21  Drone  
  49  4:24  Spore Crawler  
  49  4:29  Drone x3  
  48  4:34  Drone x2  
  48  4:35  Drone  
  51  4:40  Drone x2  
  51  4:43  Drone x2  
  51  4:44  Drone  
  56  4:46  Drone  
  56  4:49  Overlord  
  57  4:57  Drone x3  
  57  4:58  Overlord  
  58  5:02  Extractor  
  58  5:05  Drone  
  58  5:06  Queen  
  60  5:07  Drone x3  
  60  5:09  Overlord  
  60  5:11  Drone x2  
  63  5:16  Overlord  
  63  5:17  Drone  
  63  5:18  Drone  
  65  5:26  Drone  
  65  5:27  Queen, Overlord  
  68  5:30  Drone  
  68  5:31  Drone x3  
  68  5:34  Lair  
  68  5:35  Evolution Chamber  
  71  5:36  Drone  
  71  5:41  Drone, Extractor x2  
  70  5:44  Queen  
  70  5:47  Drone x4  
  76  5:52  Drone x3  
  76  5:57  Drone  
  80  5:59  Drone, Spore Crawler  
  80  6:00  Spore Crawler x2  
  80  6:04  Drone  
  79  6:06  Queen, Extractor  
  79  6:08  Drone  
  79  6:10  Drone  
  82  6:12  Zerg Melee Weapons Level 1  
  82  6:16  Baneling Nest, Overlord, Spore Crawler  
  78  6:19  Drone x2  
  78  6:20  Drone  
  78  6:21  Queen  
  78  6:25  Drone  
  82  6:27  Overlord  
  82  6:29  Overlord  
  82  6:34  Drone  
  82  6:36  Hydralisk Den  
  82  6:38  Overseer  
  82  6:39  Drone  
  84  6:40  Drone  
  84  6:41  Overlord  
  84  6:42  Drone  
  84  6:43  Drone  
  84  6:48  Queen  
  84  6:49  Queen  
  84  6:50  Zergling x6  
  84  6:51  Zergling x2  
  84  6:52  Drone x2  
  94  6:54  Zergling x6  
  94  6:55  Drone  
  94  6:57  Spore Crawler  
  94  7:01  Zergling x4, Spore Crawler  
  99  7:02  Extractor  
  99  7:05  Drone x3  
  100  7:09  Muscular Augments  
  100  7:15  Zergling x8  
  103  7:18  Zergling x6  
  103  7:19  Overlord  
  105  7:30  Overlord  
  105  7:34  Hatchery  
  105  7:35  Overlord  
  105  7:37  Drone  
  105  7:40  Overlord  
  105  7:42  Overlord  
  105  7:43  Overlord  
  105  7:45  Overlord  
  105  7:47  Drone x6  
  105  7:48  Drone  
  111  7:52  Evolution Chamber, Infestation Pit  
  111  7:55  Zergling x8  
  113  8:03  Baneling x6  
  113  8:05  Overlord  
  113  8:07  Hydralisk x3  
  113  8:10  Hydralisk  
  113  8:11  Hydralisk  
  123  8:12  Baneling  
  123  8:15  Overlord  
  123  8:21  Baneling  
  123  8:22  Overlord, Baneling x7  
  123  8:26  Hydralisk x2  
  127  8:35  Centrifical Hooks  
  127  8:36  Grooved Spines  
  127  8:37  Zerg Melee Weapons Level 2, Zerg Missile Weapons Level 1  
  126  8:41  Hydralisk  
  126  8:42  Hydralisk x2  
  126  8:45  Hydralisk  
  134  8:51  Drone x6  
  140  8:58  Hydralisk x3  
  146  9:06  Hydralisk x3  
  149  9:15  Hydralisk x4  
  156  9:22  Hydralisk, Spore Crawler  
  156  9:23  Hydralisk, Zergling x2  
  154  9:34  Hydralisk x5  
  164  9:41  Hydralisk x3  
  170  9:47  Hydralisk x2  
  174  9:57  Hydralisk x5  
  184  10:07  Zergling x16  
  184  10:11  Zergling x2, Spore Crawler  
  184  10:12  Overseer  
  184  10:14  Baneling x10  
  192  10:30  Baneling x5  
  192  10:33  Hatchery  
  192  10:34  Hive  
  191  10:37  Extractor  
  191  10:38  Extractor  
  191  10:42  Overlord  
  189  10:43  Lurker Den  
  189  10:44  Overlord  
  188  10:58  Overlord x2  
  188  11:00  Zerg Missile Weapons Level 2  
  188  11:01  Zerg Ground Armor Level 1  
  188  11:03  Drone x2  
  188  11:04  Drone x4  
  191  11:06  Zergling x4  
  191  11:07  Zergling x8  
  200  11:14  Overlord x2  
  190  11:36  Drone x5  
  190  11:37  Spine Crawler  
  190  11:38  Spine Crawler  
  192  11:40  Spine Crawler x3, Zergling x18  
  192  11:43  Lurker  
  198  11:50  Lurker x2, Seismic Spines  
  198  12:02  Lurker  
  198  12:08  Lurker  
  199  12:14  Spine Crawler  
  195  12:16  Lurker x4  
  195  12:17  Lurker  
  190  12:27  Lurker x3  
  190  12:29  Drone x7  
  194  12:31  Zergling x16  
  181  12:37  Hydralisk x4  
  181  12:42  Drone x5  
  181  12:43  Extractor  
  190  12:45  Extractor  
  190  12:46  Drone, Spine Crawler  
  190  12:47  Drone x4, Spine Crawler  
  190  12:48  Spine Crawler  
  190  12:49  Extractor  
  190  12:50  Spine Crawler  
  190  12:51  Adaptive Talons, Spine Crawler  
  189  12:56  Lurker x3  
  189  12:57  Hydralisk x3, Zergling x2  
  189  12:58  Zergling x4  
  200  13:01  Baneling x12  
  197  13:30  Zergling x8  
  199  13:37  Zerg Missile Weapons Level 3  
  199  13:38  Zerg Melee Weapons Level 3  
  195  13:43  Pneumatized Carapace  
  195  13:47  Drone x8  
  199  13:52  Zergling x2  
  199  13:59  Zergling x32  
  193  14:03  Zergling x20  
  193  14:06  Hydralisk x5  
  187  14:12  Hydralisk x2  
  187  14:16  Viper x2  
  187  14:17  Viper  
  190  14:26  Zergling x22  
  174  14:41  Lurker x4  
  174  14:42  Lurker  
  174  14:43  Lurker  
  174  14:45  Adrenal Glands  
  180  14:46  Hatchery  
  180  14:47  Drone  
  180  14:48  Drone x2  
  180  14:49  Drone  
  180  14:50  Drone  
  180  14:52  Zergling x4  
  186  14:53  Zergling x2  
  186  14:54  Baneling x2  
  186  14:55  Baneling x2  
  186  14:56  Overseer  
  186  14:58  Baneling x3  
  187  15:10  Zergling x16, Baneling x7  
  196  15:15  Baneling x11  
  196  15:19  Zergling x8  
  199  15:24  Baneling x4  
  197  15:29  Hydralisk x5  
  196  15:49  Drone x2, Hatchery  
  185  15:50  Drone, Zergling x14  
  192  16:02  Hydralisk x3  
  171  16:05  Zergling x16  
  177  16:15  Hydralisk x4  
  185  16:22  Lurker x4  
  185  16:23  Lurker x4  
  193  16:30  Zergling x14  
  200  16:39  Zergling x6  
  193  16:47  Hydralisk x4  
  199  16:56  Zerg Ground Armor Level 2  
  199  17:01  Baneling x5  
  196  17:20  Hydralisk  
  196  17:21  Hydralisk x5  
  190  17:33  Hydralisk x9  
  195  17:51  Spire  
  194  18:03  Hydralisk x7  
  200  18:06  Overseer  
  193  18:13  Drone  
  193  18:14  Drone x3, Viper x2  
  193  18:17  Zergling x20  
  200  18:20  Zergling x6  
  196  18:30  Zergling x22  
  196  18:32  Zergling x8  
  199  18:40  Zergling x2  
  199  18:41  Zergling x18  
  193  18:54  Hatchery  
  185  19:00  Lurker  
  185  19:01  Lurker x2  
  188  19:03  Lurker x4  
  188  19:04  Lurker x3  
  188  19:06  Overseer  
  188  19:08  Lurker x2  
  188  19:09  Lurker  
  199  19:10  Lurker  
  199  19:18  Zergling x2  
  200  19:27  Spore Crawler  
  189  19:49  Hydralisk x6  
  199  19:55  Lurker  
  194  20:12  Viper x2  
  183  20:32  Drone x3  
  183  20:34  Extractor  
  180  20:35  Extractor  
  180  20:36  Zergling x18  
  180  20:42  Queen x2  
  178  20:52  Hatchery  
  171  20:57  Zergling x46  
  190  21:09  Zergling x18  
  190  21:18  Hydralisk x2  
  183  21:20  Lurker x2  
  187  21:28  Hydralisk x6  
  195  21:35  Hydralisk x5  
  172  21:56  Hatchery  
  172  21:57  Hatchery  
  172  21:58  Hatchery  
  170  22:01  Hatchery  

Tags
 
Add a new tag
Caveats
  • Supply blocks, unpowered buildings, or Contaminate may cause inaccurate times.
  • Supply counts are checked every 10 seconds.